 Dungeon Crawl Stone Soup version 0.24-a0-232-g49d9ff80d8 (webtiles) character file.

Game seed: 4687223797351428082

3021 Darlok3d the Carver (level 9, -9/69 HPs)
             Began as a Barachi Skald on Apr 4, 2019.
             Was a Believer of Wu Jian.
             Mangled by a two-headed ogre
             ... wielding a +0 giant club
              (11 damage)
             ... on level 11 of the Dungeon.
             The game lasted 00:36:07 (8518 turns).

Darlok3d the Carver (Barachi Skald)                 Turns: 8518, Time: 00:36:07

Health: -9/69      AC:  5    Str: 12    XL:     9   Next: 85%
Magic:  7/12       EV: 15    Int: 21    God:    Wu Jian [**....]
Gold:   243        SH:  0    Dex: 17    Spells: 1/12 levels left

rFire    + . .     SeeInvis .   a - +0 falchion
rCold    + . .     Gourm    .   (no shield)
rNeg     . . .     Faith    .   x - +1 leather armour of Seload {Int+5 Dex+4 Stlth+} (curse)
rPois    .         Spirit   .   (no helmet)
rElec    .         Reflect  .   I - scarf {rC+ rF+}
rCorr    +         Harm     .   v - +0 pair of gloves
MR       .....                  (no boots)
Stlth    ++........             (no amulet)
HPRegen  0.21/turn              m - ring of wizardry
MPRegen  0.13/turn              f - ring of resist corrosion

@: lethally poisoned (-9 -> -9), slow
A: +LOS, swims, slowness 1, strong legs 1
a: Hop, Wall Jump, Renounce Religion


You were on level 11 of the Dungeon.
You worshipped Wu Jian.
Wu Jian was pleased with you.
You were hungry.

You visited 2 branches of the dungeon, and saw 11 of its levels.

You collected 423 gold pieces.
You spent 180 gold pieces at shops.

Inventory:

Hand Weapons
 a - a +0 falchion (weapon)
 g - a +0 dagger of draining
 o - a +2 dagger of speed
Armour
 v - a +0 pair of gloves (worn)
 x - the cursed +1 leather armour of Seload (worn) {Int+5 Dex+4 Stlth+}
   (You found it on level 4 of the Dungeon)

   It affects your intelligence (+5).
   It affects your dexterity (+4).
   It makes you more stealthy.
   It has a curse placed upon it.
 I - a scarf of resistance (worn)
Jewellery
 f - a ring of resist corrosion (right hand)
 m - a ring of wizardry (left hand)
 q - an uncursed ring of positive energy
 s - an uncursed ring of positive energy
 A - the ring "Nasuidygh" {rElec rN+ Int+4 Dex+3, unknown}
   (You found it on level 6 of the Dungeon)

   [ring of positive energy]

   It affects your intelligence (+4).
   It affects your dexterity (+3).
   It insulates you from electricity.
   It protects you from negative energy.
Wands
 h - a wand of acid (3)
 j - a wand of iceblast (7)
Scrolls
 c - 7 scrolls of remove curse {unknown}
 e - 2 scrolls of fog {unknown}
 i - 2 scrolls of immolation {unknown}
 k - a scroll of magic mapping {unknown}
 l - 8 scrolls of identify {unknown}
 n - 2 scrolls of enchant weapon {unknown}
 u - 3 scrolls of teleportation {unknown}
 y - a scroll of fear {unknown}
 B - 2 scrolls of amnesia {unknown}
 J - a scroll of enchant armour {unknown}
 K - a scroll of vulnerability {unknown}
Potions
 b - 2 potions of heal wounds {unknown}
 p - a potion of flight
 r - 2 potions of agility
 t - 2 potions of magic {unknown}
 w - a potion of brilliance {unknown}
 z - a potion of cancellation
 C - 2 potions of lignification {unknown}
 D - a potion of mutation {unknown}
 E - a potion of might
 F - 3 potions of curing
 G - a potion of ambrosia {unknown}
 H - a potion of degeneration {unknown}
Comestibles
 d - 15 rations


   Skills:
 + Level 5.8 Fighting
 * Level 10.8 Long Blades
 + Level 5.3 Armour
 + Level 5.2 Dodging
 - Level 2.1 Spellcasting
 * Level 7.6 Charms


You had one spell level left.
You knew the following spells:

 Your Spells              Type           Power        Failure   Level  Hunger
a - Infusion              Chrm           ####         1%          1    #......
b - Shroud of Golubria    Chrm/Tloc      ###.......   2%          2    ##.....
c - Regeneration          Chrm/Necr      ###.......   4%          3    ###....
d - Song of Slaying       Chrm           ####....     1%          2    ##.....
e - Spectral Weapon       Hex/Chrm       ###.....     4%          3    ###....

Your spell library contained the following spells:

 Spells                   Type           Power        Failure   Level  Hunger
 Freeze                   Ice            #...         8%          1    #......
 Ozocubu's Armour         Chrm/Ice       ###.....     4%          3    ###....
 Throw Frost              Conj/Ice       #.....       12%         2    ##.....
 Summon Ice Beast         Ice/Summ       #.......     56%         4    #####..
 Throw Icicle             Conj/Ice       #.......     56%         4    #####..


Dungeon Overview and Level Annotations

Branches:
Dungeon (11/15)            Temple (1/1) D:7
   Lair: D:8-11         Orc: D:9-12

Altars:
Cheibriados
Dithmenos
Elyvilon
Fedhas
Hepliaklqana
Kikubaaqudgha
Makhleb
Nemelex Xobeh
Okawaru
Qazlal
Ru
Sif Muna
Trog
Uskayaw
Vehumet
Wu Jian
Xom
Zin
The Shining One

Shops:
D:4 [}   D:5 %

Annotations:
D:4 3 runed translucent doors, Kristarius's ghost, amateur GrEE; yrara's ghost, amateur DsFi
D:5 3 runed translucent doors, loom's ghost, novice GnSk


Innate Abilities, Weirdness & Mutations

Shadows flee at your approach. (+LOS)
You can swim through water.
You cover ground slowly.
You can hop short distances.


Message History

The two-headed ogre closely misses you.
You climb downwards.
You feel sick.
There is a stone staircase leading up here.
You spin and attack the two-headed ogre repeatedly.
You hit the two-headed ogre.
The two-headed ogre is lightly wounded.
You barely miss the two-headed ogre.
The two-headed ogre is lightly wounded.
You feel sick.
You feel sick.
You feel sick.
Hop to where?
Press: ? - help, Dir - move target cursor Out of range.
Okay, then.
You feel sick.
The two-headed ogre hits you with a +0 giant club!!
* * * LOW HITPOINT WARNING * * *
The two-headed ogre hits you with a +0 giant club!
You die...

#.. #............># #..
#.........(....
###..######..............
........................#
........................#
#####..####.........>...#
#..# #.............# #<.#
#.............###
#####..####....O@....<.....
...............>..........
........................#
#####..####.............#
#..# #.............# #..#
#.............# #..#
#.............# #..#
#.............# #..#
#^............#


You could see a two-headed ogre.

Vanquished Creatures
  The ghost of iamserjio the Fighter, a novice OpCK of Uskayaw (D:7)
  Sigmund (D:6)
  Duvessa (D:5)
  A sky beast (D:7)
  2 phantoms
  3 ice beasts
  5 ogres
  A centaur (D:5)
  4 bullfrogs
  A water moccasin zombie (D:7)
  Dowan (D:5)
  2 howler monkeys (D:7)
  4 crimson imps
  2 hounds
  A jelly (D:7)
  5 orc wizards
  2 iguanas
  4 worker ants
  14 adders
  A shadow imp (D:7)
  2 oozes
  An adder skeleton (D:4)
  4 worms
  2 dart slugs
  3 leopard geckos (D:2)
  13 orcs
  8 giant cockroaches
  6 goblins
  6 hobgoblins
  6 jackals
  A quokka (D:7)
  3 ball pythons
  11 bats
  6 frilled lizards
  2 goblin skeletons (D:6)
  2 goblin zombies (D:6)
  2 hobgoblin zombies (D:6)
  9 kobolds
  2 kobold skeletons (D:6)
  A kobold zombie (D:6)
  2 orc skeletons (D:6)
  2 quokka skeletons
  7 rats
157 creatures vanquished.

Notes
Turn   | Place    | Note
-------+----------+-------------------------------------------
     0 | D:1      | Darlok3d the Barachi Skald began the quest for the Orb.
     0 | D:1      | Reached XP level 1. HP: 17/17 MP: 3/3
    85 | D:1      | Reached skill level 3 in Long Blades
   198 | D:1      | Reached XP level 2. HP: 19/23 MP: 0/5
   568 | D:1      | Reached skill level 4 in Long Blades
   758 | D:1      | Reached XP level 3. HP: 25/28 MP: 2/6
   822 | D:2      | Found an ornate altar of the Wu Jian Council.
   980 | D:2      | Reached skill level 5 in Long Blades
  1258 | D:2      | Reached XP level 4. HP: 30/34 MP: 2/7
  1366 | D:1      | Learned a level 2 spell: Shroud of Golubria
  1370 | D:1      | Learned a level 3 spell: Regeneration
  1895 | D:2      | Reached skill level 6 in Long Blades
  2061 | D:3      | Reached XP level 5. HP: 36/39 MP: 3/8
  3008 | D:2      | Became a worshipper of the Wu Jian Council
  3093 | D:4      | Reached skill level 7 in Long Blades
  3166 | D:4      | Found Giuv's Armour Emporium.
  3183 | D:4      | Found a runed translucent gate.
  3184 | D:4      | Noticed yrara's ghost (amateur DsFi)
  3184 | D:4      | Noticed Kristarius's ghost (amateur GrEE)
  3184 | D:4      | Noticed yrara's ghost (amateur DsFi)
  3185 | D:4      | Found a runed translucent gate.
  3185 | D:4      | Found a runed translucent gate.
  3204 | D:4      | Found Dontuh's Gadget Boutique.
  3204 | D:4      | Noticed a phantom
  3301 | D:4      | HP: 1/39 [poisoned by a worker ant]
  3306 | D:4      | HP: 1/39 [poisoned by a worker ant]
  3828 | D:4      | Killed a phantom
  3828 | D:4      | Reached XP level 6. HP: 14/46 MP: 1/9
  3844 | D:4      | Bought a wand of acid (5) for 180 gold pieces
  4208 | D:4      | Reached skill level 8 in Long Blades
  4382 | D:4      | Got an ancient leather armour
  4394 | D:4      | Identified the cursed +1 leather armour of Seload {Int+5
                  | Dex+4 Stlth+} (You found it on level 4 of the Dungeon)
  4420 | D:4      | Reached XP level 7. HP: 17/51 MP: 10/10
  4425 | D:4      | Found a stormy altar of Qazlal.
  4461 | D:4      | Found a deep blue altar of Sif Muna.
  4862 | D:5      | Entered Level 5 of the Dungeon
  4994 | D:5      | Noticed Dowan
  4995 | D:5      | Noticed Duvessa
  5000 | D:5      | Killed Dowan
  5002 | D:5      | Killed Duvessa
  5075 | D:5      | Reached XP level 8. HP: 44/60 MP: 3/11
  5094 | D:5      | Found a runed translucent gate.
  5094 | D:5      | Found a runed translucent gate.
  5094 | D:5      | Found a runed translucent gate.
  5094 | D:5      | Noticed loom's ghost (novice GnSk)
  5217 | D:5      | Reached skill level 9 in Long Blades
  5217 | D:5      | Reached skill level 5 in Charms
  5532 | D:5      | Found Ypeane's Food Boutique.
  5604 | D:6      | Got a flickering wooden ring
  5626 | D:6      | Found a glowing golden altar of the Shining One.
  5630 | D:6      | Reached * piety under Wu Jian
  5746 | D:6      | Found a hazy altar of Hepliaklqana.
  5762 | D:6      | Noticed Sigmund
  5777 | D:6      | Killed Sigmund
  6005 | D:6      | Found a shadowy altar of Dithmenos.
  6522 | D:6      | Found a snail-covered altar of Cheibriados.
  6906 | D:7      | Reached XP level 9. HP: 39/66 MP: 9/12
  7050 | D:7      | Found a staircase to the Ecumenical Temple.
  7065 | Temple   | Entered the Ecumenical Temple
  7182 | D:7      | Reached skill level 10 in Long Blades
  7192 | D:7      | Reached ** piety under Wu Jian
  7230 | D:7      | Reached skill level 5 in Fighting
  8157 | D:7      | Found a runed translucent gate.
  8160 | D:7      | Found a runed translucent gate.
  8161 | D:7      | Found a runed translucent gate.
  8161 | D:7      | Noticed iamserjio's ghost (novice OpCK)
  8177 | D:7      | Learned a level 2 spell: Song of Slaying
  8181 | D:7      | Learned a level 3 spell: Spectral Weapon
  8213 | D:7      | Killed iamserjio's ghost
  8213 | D:7      | Reached skill level 5 in Armour
  8213 | D:7      | Reached skill level 5 in Dodging
  8428 | D:8      | Found a hide-covered altar of Uskayaw.
  8430 | D:8      | You fall through a shaft for 3 floors!
  8505 | D:10     | Entered Level 10 of the Dungeon
  8505 | D:10     | Noticed a two-headed ogre
  8518 | D:11     | HP: 2/69 [two-headed ogre/+0 giant club (28)]
  8518 | D:11     | Mangled by a two-headed ogre

Levels and vault maps discovered:
D:1:      dpeg_arrival_pond, layout_loops_ring, minmay_splitting_lines
D:2:      minmay_recursive_quarters, layout_rooms,
          nicolae_overflow_hidden_temple, st_stairs_8
D:3:      layout_basic
D:4:      layout_basic, marbit_many_paths, led_sif_pool, serial_shops,
          nicolae_shop_stone, shop, gammafunk_ghost_cemetery, minivault_11,
          serial_bayou_pond_a
D:5:      layout_cave_pools, gammafunk_ghost_necromancy, serial_shops,
          nicolae_shop_behind_doors, first_ration, uniq_duvessa
D:6:      layout_basic, nicolae_dithmenos_through_a_glass_darkly, slow_altar_2,
          nicolae_overflow_crystal_walls, nicolae_tso_besieged_by_evil,
          uniq_sigmund
D:7:      layout_loops_ring, minmay_temple_entry_antechambers,
          ebering_ghost_rock_garden
D:8:      layout_loops_corners, eat_drink_and_be_merry_uskayaw,
          yredelemnul_forgotten_temple_becter, hangedman_little_slice_of_home,
          small_chamber_with_monster
D:10:     layout_basic, lair_entry_dummy, basic_altar
D:11:     layout_small_grid, orc_0_dummy, basic_altar
Temple:   hc_temple_tempest_star

Skill      XL: |  1  2  3  4  5  6  7  8  9 |
---------------+----------------------------+-----
Long Blades    | 3 4 5 6 7 8 9 10 | 10.8
Armour         | 2 4 5 |  5.3
Fighting       | 3 4 5 |  5.8
Charms         | 4 6 7 |  7.6
Dodging        | 3 4 5 |  5.2
Spellcasting   | |  2.1

Action                   |  1- 3 |  4- 6 |  7- 9 || total
-------------------------+-------+-------+-------++-------
Melee: Falchion          |    86 |   237 |   375 ||   698
 Cast: Infusion          |    12 |    27 |    29 ||    68
       Regeneration      |       |     4 |     1 ||     5
       Shroud of Golubri |       |     1 |     9 ||    10
       Spectral Weapon   |       |       |     1 ||     1
Invok: Lunge             |       |     9 |    31 ||    40
       Whirlwind         |       |       |     2 ||     2
 Abil: Hop               |       |     1 |       ||     1
Evoke: Wand              |       |       |     2 ||     2
  Use: Potion            |       |     8 |       ||     8
 Stab: Sleeping          |       |     1 |     4 ||     5
  Eat: Chunk             |     2 |     9 |    15 ||    26
       Ration            |       |     1 |       ||     1
Armor: Leather armour    |    24 |    47 |    63 ||   134
Dodge: Dodged            |    62 |   136 |   142 ||   340
       Rpst.: Falchion   |    23 |    44 |    45 ||   112

Table legend:
 A = Non-vault XP
 B = Vault XP
 C = Vault XP percentage of total XP
 D = Non-vault monster count
 E = Vault monster count
 F = Vault count percentage of total count
                 A         B        C        D         E       F
            +---------+---------+-------+---------+---------+-------
      Total |    2912 |    1405 |  32.5 |     132 |      25 |  15.9
            +---------+---------+-------+---------+---------+-------
        D:1 |      36 |       0 |   0.0 |      24 |       0 |   0.0
        D:2 |      95 |      30 |  24.0 |      27 |       7 |  20.6
        D:3 |      78 |       0 |   0.0 |      22 |       0 |   0.0
        D:4 |     497 |     122 |  19.7 |      12 |       1 |   7.7
        D:5 |     427 |     209 |  32.9 |       8 |       2 |  20.0
        D:6 |     432 |     284 |  39.7 |      13 |      14 |  51.9
        D:7 |    1003 |     760 |  43.1 |      21 |       1 |   4.5
        D:8 |     132 |       0 |   0.0 |       3 |       0 |   0.0
       D:11 |     212 |       0 |   0.0 |       2 |       0 |   0.0
            +---------+---------+-------+---------+---------+-------
